SNL (28 & UNDER)
WICHITA WRANGLERS @ BEAUMONT ROUGHNECKS
06/17/2028
 
TOP OF THE 1ST
Wichita Wranglers batting - Pitching for Beaumont Roughnecks : RHP Jim Fitzgerald
Pitching: RHP Jim Fitzgerald
Batting: RHB Gabriel Erwin 0-0: Called Strike
0-1: Fly out, F8 (Flyball, 8LD)
Batting: SHB José López 0-0: Called Strike
0-1: Fly out, F7 (Flyball, 7)
Batting: SHB Wayne Matthews 0-0: Called Strike
0-1: Called Strike
0-2: Strikes out swinging
Top of the 1st over - 0 run(s), 0 hit(s), 0 error(s), 0 left on base; Wichita 0 - Beaumont 0
BOTTOM OF THE 1ST
Beaumont Roughnecks batting - Pitching for Wichita Wranglers : RHP John Drake
Pitching: RHP John Drake
Batting: RHB Miguel Costa 0-0: Bunt for hit - play at first, batter safe!
Batting: RHB Michael Kent 0-0: Ball
1-0: Ball
2-0: Foul Ball, location: 2F
2-1: Ball
3-1: Swinging Strike
3-2: Strikes out looking
Miguel Costa steals 2nd base
Batter strikes out.
Batting: LHB Cam Flowers 0-0: Ball
1-0: Ball
2-0: Ball
3-0: Base on Balls
Batting: LHB Bernardo Morales 0-0: Called Strike
0-1: Swinging Strike
0-2: Strikes out looking
Batting: RHB Si-xun Li 0-0: Ball
1-0: Ball
2-0: SINGLE (Line Drive, 4MD)
Miguel Costa to third
Cam Flowers to second
Runner from 3rd tries for Home, SAFE, no throw
Batting: RHB António Aguilar 0-0: Called Strike
0-1: Foul Ball, location: 2F
0-2: Ball
1-2: Strikes out swinging
Bottom of the 1st over - 1 run(s), 2 hit(s), 0 error(s), 2 left on base; Wichita 0 - Beaumont 1
TOP OF THE 2ND
Wichita Wranglers batting - Pitching for Beaumont Roughnecks : RHP Jim Fitzgerald
Batting: RHB Oliver Todd 0-0: Called Strike
0-1: Fly out, F7 (Flyball, 7S)
Batting: RHB Félix Gonzáles 0-0: Called Strike
0-1: Ball
1-1: Swinging Strike
1-2: Ball
2-2: SINGLE (Groundball, 56S) (infield hit)
Batting: LHB Milo Powers 0-0: Ball
1-0: Ball
2-0: Ball
3-0: Called Strike
3-1: Swinging Strike
3-2: SINGLE (Groundball, 34D)
Félix Gonzáles to second
Batting: LHB Richard Hinkle 0-0: Swinging Strike
0-1: DOUBLE (Flyball, 8RXD)
Félix Gonzáles scores
Milo Powers to third
Batting: RHB José López 0-0: Called Strike
0-1: Hit by Pitch
Batting: RHB Jesús Ramos 0-0: Called Strike
0-1: Foul Ball, location: 2F
0-2: Ball
1-2: Ball
2-2: Foul Ball, location: 2F
2-2: Strikes out swinging
Batting: RHB Gabriel Erwin 0-0: Ball
1-0: Called Strike
1-1: Ball
2-1: DOUBLE (Flyball, 89XD)
Milo Powers scores
Richard Hinkle scores
José López to third
Batting: SHB José López 0-0: Swinging Strike
0-1: Ground out 4-3 (Groundball, 4)
Top of the 2nd over - 3 run(s), 4 hit(s), 0 error(s), 2 left on base; Wichita 3 - Beaumont 1
BOTTOM OF THE 2ND
Beaumont Roughnecks batting - Pitching for Wichita Wranglers : RHP John Drake
Batting: RHB Albert Alemán 0-0: Ball
1-0: Foul Ball, location: 2F
1-1: Foul Ball, location: 2F
1-2: Ball
2-2: Fly out, F7 (Flyball, 78D)
Batting: RHB Darwin Crane 0-0: Ball
1-0: Called Strike
1-1: Ground out 1-3 (Groundball, 15S)
Batting: LHB Tony Rivera 0-0: Called Strike
0-1: Ball
1-1: Foul Ball, location: 2F
1-2: Foul Ball, location: 2F
1-2: Ball
2-2: Ball
3-2: Foul Ball, location: 2F
3-2: Reached on error, E3 (Groundball, 34)
Batting: RHB Miguel Costa 0-0: Called Strike
Tony Rivera steals 2nd base
0-1: Ball
1-1: Foul Ball, location: 2F
1-2: Ball
2-2: Strikes out looking
Bottom of the 2nd over - 0 run(s), 0 hit(s), 1 error(s), 1 left on base; Wichita 3 - Beaumont 1
TOP OF THE 3RD
Wichita Wranglers batting - Pitching for Beaumont Roughnecks : RHP Jim Fitzgerald
Batting: SHB Wayne Matthews 0-0: Called Strike
0-1: Ball
1-1: Ball
2-1: Called Strike
2-2: Ball
3-2: Foul Ball, location: 2F
3-2: Base on Balls
Batting: RHB Oliver Todd 0-0: Ball
1-0: Foul Ball, location: 2F
1-1: Called Strike
1-2: Strikes out swinging
Batting: RHB Félix Gonzáles 0-0: Ball
Wayne Matthews is caught stealing 2nd base
1-0: Fly out, F4 (Popup, 3D)
Top of the 3rd over - 0 run(s), 0 hit(s), 0 error(s), 0 left on base; Wichita 3 - Beaumont 1
BOTTOM OF THE 3RD
Beaumont Roughnecks batting - Pitching for Wichita Wranglers : RHP John Drake
Batting: RHB Michael Kent 0-0: Ball
1-0: Ball
2-0: Foul Ball, location: 2F
2-1: Swinging Strike
2-2: Strikes out swinging
Batting: LHB Cam Flowers 0-0: Ball
1-0: Ball
2-0: Fly out, F3 (Line Drive, 34)
Batting: LHB Bernardo Morales 0-0: Called Strike
0-1: Foul Ball, location: 2F
0-2: Fly out, F2 (Popup, 23)
Bottom of the 3rd over - 0 run(s), 0 hit(s), 0 error(s), 0 left on base; Wichita 3 - Beaumont 1
TOP OF THE 4TH
Wichita Wranglers batting - Pitching for Beaumont Roughnecks : RHP Jim Fitzgerald
Batting: LHB Milo Powers 0-0: Ball
1-0: Called Strike
1-1: Foul Ball, location: 2F
1-2: Foul Ball, location: 2F
1-2: Ball
2-2: Foul Ball, location: 2F
2-2: Fly out, F7 (Flyball, 7D)
Batting: LHB Richard Hinkle 0-0: Called Strike
0-1: Ball
1-1: Foul Ball, location: 2F
1-2: Ball
2-2: Ball
3-2: DOUBLE (Line Drive, 7LM)
Batting: RHB José López 0-0: Called Strike
0-1: Ball
1-1: Called Strike
1-2: Ball
2-2: Strikes out swinging
Batting: RHB Jesús Ramos 0-0: Ball
1-0: Called Strike
1-1: Swinging Strike
1-2: Strikes out swinging
Top of the 4th over - 0 run(s), 1 hit(s), 0 error(s), 1 left on base; Wichita 3 - Beaumont 1
BOTTOM OF THE 4TH
Beaumont Roughnecks batting - Pitching for Wichita Wranglers : RHP John Drake
Batting: RHB Si-xun Li 0-0: Called Strike
0-1: Swinging Strike
0-2: Ball
1-2: Ball
2-2: Fly out, F9 (Flyball, 9S)
Batting: RHB António Aguilar 0-0: Ball
1-0: Swinging Strike
1-1: Ball
2-1: Foul Ball, location: 2F
2-2: SINGLE (Groundball, 56D)
Batting: RHB Albert Alemán 0-0: Ball
1-0: Called Strike
António Aguilar steals 2nd base
1-1: Ball
2-1: Ball
3-1: Called Strike
3-2: Fly out, F9 (Flyball, 9LM)
Batting: RHB Darwin Crane 0-0: Ball
1-0: Called Strike
1-1: Ball
2-1: Reached on error, E6 (Groundball, 6D)
António Aguilar to third
Batting: LHB Tony Rivera 0-0: Called Strike
0-1: Swinging Strike
0-2: Ball
1-2: Ball
2-2: Ball
3-2: Base on Balls
Darwin Crane to second
Batting: RHB Miguel Costa 0-0: Called Strike
0-1: Foul Ball, location: 2F
0-2: Ball
1-2: Foul Ball, location: 2F
1-2: Strikes out looking
Bottom of the 4th over - 0 run(s), 1 hit(s), 1 error(s), 3 left on base; Wichita 3 - Beaumont 1
TOP OF THE 5TH
Wichita Wranglers batting - Pitching for Beaumont Roughnecks : RHP Jim Fitzgerald
Batting: RHB Gabriel Erwin 0-0: Foul Ball, location: 2F
0-1: Ball
1-1: Ball
2-1: Foul Ball, location: 2F
2-2: Fly out, F7 (Flyball, 78M)
Batting: SHB José López 0-0: Ball
1-0: Swinging Strike
1-1: Ground out 4-3 (Groundball, 34D)
Batting: SHB Wayne Matthews 0-0: Called Strike
0-1: SINGLE (Groundball, 34) (infield hit)
Batting: RHB Oliver Todd 0-0: Called Strike
0-1: Called Strike
0-2: Foul Ball, location: 2F
0-2: Fielders Choice at 2nd, 6-4 (Groundball, 6)
Top of the 5th over - 0 run(s), 1 hit(s), 0 error(s), 0 left on base; Wichita 3 - Beaumont 1
BOTTOM OF THE 5TH
Beaumont Roughnecks batting - Pitching for Wichita Wranglers : RHP John Drake
Pitching: LHP Jeff Jackson
Batting: RHB Michael Kent 0-0: Foul Ball, location: 2F
0-1: Ball
1-1: Ball
2-1: Ground out 6-3 (Groundball, 6)
Batting: LHB Cam Flowers 0-0: Ball
1-0: Called Strike
1-1: Foul Ball, location: 2F
1-2: Ball
2-2: DOUBLE (Line Drive, 89M) - OUT at third base trying to stretch hit.
Batting: LHB Bernardo Morales 0-0: Ball
1-0: Called Strike
1-1: Ball
2-1: Ball
3-1: Fly out, F8 (Flyball, 78M)
Bottom of the 5th over - 0 run(s), 1 hit(s), 0 error(s), 0 left on base; Wichita 3 - Beaumont 1
TOP OF THE 6TH
Wichita Wranglers batting - Pitching for Beaumont Roughnecks : RHP Jim Fitzgerald
Batting: RHB Félix Gonzáles 0-0: Ball
1-0: Ball
2-0: Called Strike
2-1: Ball
3-1: Swinging Strike
3-2: Fly out, F4 (Popup, 4)
Batting: LHB Milo Powers 0-0: Called Strike
0-1: Foul Ball, location: 2F
0-2: Ball
1-2: Foul Ball, location: 2F
1-2: Ball
2-2: Ball
3-2: Ground out 4-3 (Groundball, 4)
Batting: LHB Richard Hinkle 0-0: Foul Ball, location: 2F
0-1: Swinging Strike
0-2: Strikes out swinging
Top of the 6th over - 0 run(s), 0 hit(s), 0 error(s), 0 left on base; Wichita 3 - Beaumont 1
BOTTOM OF THE 6TH
Beaumont Roughnecks batting - Pitching for Wichita Wranglers : LHP Jeff Jackson
Batting: RHB Si-xun Li 0-0: Swinging Strike
0-1: Swinging Strike
0-2: Foul Ball, location: 2F
0-2: Ball
1-2: Foul Ball, location: 2F
1-2: Fly out, F8 (Flyball, 89M)
Batting: RHB António Aguilar 0-0: Ball
1-0: DOUBLE (Line Drive, 7D)
Batting: RHB Albert Alemán 0-0: Called Strike
0-1: Ball
1-1: Foul Ball, location: 2F
1-2: Ball
2-2: Ball
3-2: Strikes out looking
Batting: RHB Darwin Crane 0-0: Fly out, F8 (Flyball, 8LM)
Bottom of the 6th over - 0 run(s), 1 hit(s), 0 error(s), 1 left on base; Wichita 3 - Beaumont 1
TOP OF THE 7TH
Wichita Wranglers batting - Pitching for Beaumont Roughnecks : RHP Jim Fitzgerald
Batting: RHB José López 0-0: Foul Ball, location: 2F
0-1: Called Strike
0-2: Ball
1-2: Foul Ball, location: 2F
1-2: Ball
2-2: Ground out 3-1 (Groundball, 23)
Batting: RHB Jesús Ramos 0-0: Ball
1-0: Foul Ball, location: 2F
1-1: Ball
2-1: Foul Ball, location: 2F
2-2: Foul Ball, location: 2F
2-2: Strikes out swinging
Batting: RHB Gabriel Erwin 0-0: Ball
1-0: Called Strike
1-1: Swinging Strike
1-2: Ball
2-2: Foul Ball, location: 2F
2-2: Strikes out swinging
Top of the 7th over - 0 run(s), 0 hit(s), 0 error(s), 0 left on base; Wichita 3 - Beaumont 1
BOTTOM OF THE 7TH
Beaumont Roughnecks batting - Pitching for Wichita Wranglers : LHP Jeff Jackson
Batting: LHB Tony Rivera 0-0: Called Strike
0-1: Ball
1-1: Ball
2-1: Ball
3-1: Base on Balls
Batting: RHB Miguel Costa 0-0: Ball
1-0: Grounds into double play, 6-4-3 (Groundball, 6)
Batting: RHB Michael Kent 0-0: SINGLE (Groundball, 56D)
Batting: LHB Cam Flowers 0-0: Ball
1-0: Ground out U3 (Groundball, 3)
Bottom of the 7th over - 0 run(s), 1 hit(s), 0 error(s), 1 left on base; Wichita 3 - Beaumont 1
TOP OF THE 8TH
Wichita Wranglers batting - Pitching for Beaumont Roughnecks : RHP Jim Fitzgerald
Batting: SHB José López 0-0: Ball
1-0: Ball
2-0: Foul Ball, location: 2F
2-1: Fly out, F8 (Line Drive, 8RM)
Batting: SHB Wayne Matthews 0-0: Called Strike
0-1: Fly out, F8 (Flyball, 8RS)
Batting: RHB Oliver Todd 0-0: Called Strike
0-1: Fly out, F8 (Flyball, 8RM)
Top of the 8th over - 0 run(s), 0 hit(s), 0 error(s), 0 left on base; Wichita 3 - Beaumont 1
BOTTOM OF THE 8TH
Beaumont Roughnecks batting - Pitching for Wichita Wranglers : LHP Jeff Jackson
Batting: LHB Bernardo Morales 0-0: Fly out, F4 (Line Drive, 4)
Pitching: RHP Juan Vázquez
Batting: RHB Si-xun Li 0-0: Called Strike
0-1: Swinging Strike
0-2: Ball
1-2: Strikes out looking
Batting: RHB António Aguilar 0-0: Swinging Strike
0-1: Ball
1-1: Called Strike
1-2: Foul Ball, location: 2F
1-2: Ball
2-2: Strikes out swinging
Bottom of the 8th over - 0 run(s), 0 hit(s), 0 error(s), 0 left on base; Wichita 3 - Beaumont 1
TOP OF THE 9TH
Wichita Wranglers batting - Pitching for Beaumont Roughnecks : RHP Jim Fitzgerald
Pitching: RHP Gustavo Rodríguez
Batting: RHB Félix Gonzáles 0-0: Ball
1-0: Ball
2-0: Ball
3-0: Base on Balls
Batting: LHB Milo Powers 0-0: Called Strike
0-1: Called Strike
0-2: Ball
1-2: Strikes out looking
Batting: LHB Richard Hinkle 0-0: Called Strike
0-1: Called Strike
0-2: Ball
1-2: Foul Ball, location: 2F
1-2: Foul Ball, location: 2F
1-2: Foul Ball, location: 2F
1-2: Foul Ball, location: 2F
1-2: Foul Ball, location: 2F
1-2: Ball
2-2: Ball
3-2: Strikes out looking
Batting: RHB José López 0-0: Ball
1-0: Called Strike
1-1: SINGLE (Groundball, 3) (infield hit)
Félix Gonzáles to second
Batting: RHB Jesús Ramos 0-0: Called Strike
0-1: Ball
1-1: Swinging Strike
1-2: Strikes out swinging
Top of the 9th over - 0 run(s), 1 hit(s), 0 error(s), 2 left on base; Wichita 3 - Beaumont 1
BOTTOM OF THE 9TH
Beaumont Roughnecks batting - Pitching for Wichita Wranglers : RHP Juan Vázquez
Pitching: RHP Todd Brewster
Batting: RHB Albert Alemán 0-0: Fly out, F8 (Flyball, 8LS)
Batting: RHB Darwin Crane 0-0: Swinging Strike
0-1: Swinging Strike
0-2: Ball
1-2: Ball
2-2: Strikes out looking
Batting: LHB Tony Rivera 0-0: Called Strike
0-1: Called Strike
0-2: Ball
1-2: Ball
2-2: Strikes out looking
Bottom of the 9th over - 0 run(s), 0 hit(s), 0 error(s), 0 left on base; Wichita 3 - Beaumont 1
Tuesday, August 8th, 2017 - OOTP Baseball 17.12 Build 75